 Dungeon Crawl Stone Soup version 0.27-a0-1220-g54dba09ff7 (webtiles) character file.

Game seed: 17957924599118650104

110 Delamore the Skirmisher (level 5, -8/43 HPs)
             Began as a Formicid Fighter on June 7, 2021.
             Was a Follower of Zin.
             Killed by divine providence
             ... invoked by an orc priest
              (15 damage)
             ... on level 2 of the Dungeon.
             The game lasted 00:01:50 (2280 turns).

Delamore the Skirmisher (Formicid Fighter)          Turns: 2280, Time: 00:01:50

Health: -8/43      AC:  8    Str: 22    XL:     5   Next: 14%
Magic:  5/5        EV:  8    Int:  7    God:    Zin [*.....]
Gold:   61         SH: 10    Dex: 10    Spells: 4/4 levels left

rFire    . . .     SeeInvis +   a - +1 trident
rCold    . . .     Faith    .   c - +1 kite shield
rNeg     . . .     Spirit   .   b - +0 scale mail
rPois    .         Reflect  .   (helmet unavailable)
rElec    .         Harm     .   (no cloak)
rCorr    .         Rampage  .   i - +0 pair of gloves
Will     .....                  (no boots)
Stlth    ..........             (no amulet)
HPRegen  0.14/turn              h - ring of wizardry
MPRegen  0.09/turn              (no ring)

@: no status effects
A: permanent stasis, dig shafts and tunnels, antennae 3, four strong arms
a: Dig, Shaft Self, Renounce Religion, Recite, Donate Gold


You were on level 2 of the Dungeon.
You worshipped Zin.
Zin was aware of your devotion.
You visited 1 branch of the dungeon, and saw 3 of its levels.

You collected 67 gold pieces.
You donated 6 gold pieces to Zin.

Inventory:

Hand Weapons
 a - a +1 trident (weapon)
Missiles
 e - 5 javelins
Armour
 b - a +0 scale mail (worn)
 c - a +1 kite shield (worn)
 i - a +0 pair of gloves (worn)
Jewellery
 h - a ring of wizardry (left hand)
Potions
 d - 2 potions of might
 j - a potion of resistance
 k - a potion of curing {unknown}
 m - a potion of heal wounds {unknown}


   Skills:
 + Level 4.3 Fighting
 * Level 4.2 Polearms
 - Level 3.2 Armour
 - Level 3.6 Shields


You had 4 spell levels left.
You didn't know any spells.
Your spell library contained the following spells:

 Spells                   Type           Power      Damage    Failure   Level
 Corona                   Hex            0%         N/A       80%         1
 Ensorcelled Hibernation  Hex/Ice        0%         N/A       90%         2
 Confusing Touch          Hex            0%         N/A       98%         3
 Dazzling Flash           Conj/Hex       0%         N/A       98%         3
 Tukima's Dance           Hex            0%         N/A       98%         3


Dungeon Overview and Level Annotations

Branches:
Dungeon (3/15)

Altars:
Nemelex Xobeh
Zin

Shops:
D:3 [


Innate Abilities, Weirdness & Mutations

You cannot be hasted, slowed, berserked, paralysed or teleported.
You can dig through walls and to a lower floor.
You have a pair of large antennae on your head. (SInv)
Your four strong arms can wield two-handed weapons with a shield.


Message History

There is a stone staircase leading up, spattered with blood here.
The orc priest begins to cast a cantrip, but forgets the words!
The orc hits you from afar with a +0 trident.
The orc barely misses you. You block the orc's attack.
The orc priest barely misses you.
You climb upwards.
There is a stone staircase leading down here.
You hit the orc priest but do no damage.
The orc priest calls down the wrath of Beogh upon you.
Beogh smites you!
You closely miss the orc priest. You block the orc priest's attack.
The orc priest hits you but does no damage.
You hit the orc priest.
The orc priest is moderately wounded.
The orc priest calls down the wrath of Beogh upon you.
Beogh smites you!
* * * LOW HITPOINT WARNING * * *
You barely miss the orc priest.
The orc priest is moderately wounded.
The orc priest hits you but does no damage.
You completely miss the orc priest.
The orc priest is moderately wounded.
The orc priest calls down the wrath of Beogh upon you.
You struggle to resist.
You closely miss the orc priest.
The orc priest is moderately wounded.
The orc priest looks satisfied for a moment.
The orc priest closely misses you.
You hit the orc priest.
The orc priest is almost dead.
The orc priest barely misses you.
You barely miss the orc priest.
The orc priest is almost dead.
The orc priest hits you with a +0 hand axe.
* * * LOW HITPOINT WARNING * * *
You barely miss the orc priest.
The orc priest is almost dead.
The orc priest invokes the aid of Beogh against you.
Beogh smites you!
You die...

#..#..#...............#######.###
......#÷######...#.#..........# #
#..#<.#.# #...##.##.......## #
#..##.#.# #...######.#.#.##
........# #...# #.#.#.###
#####.### #...# #.#....># ......#
#...# #.###.#.# ####### #.)o####
#.###.#.# # ####[@...# #.....#.#
# #....).#.#########.### #
#####.###.......# #....
#.....##........# #####
#.##.##...##....# ###
#.###........#..###.## #.#
###...####..##...## #.#
##..####..#.....## #.#
###.........†.....#


You could see an orc priest.

Vanquished Creatures
  A bullfrog zombie (D:3)
  A hound zombie (D:3)
  An adder (D:2)
  A worm (D:2)
  4 dart slugs
  4 orcs (D:2)
  3 bats (D:2)
  2 endoplasms (D:2)
  2 giant cockroaches (D:2)
  2 goblins
  4 hobgoblins
  4 jackals (D:2)
  2 quokkas (D:2)
  2 ball pythons
  2 frilled lizards (D:2)
  3 kobolds
  2 rats (D:2)
40 creatures vanquished.

Notes
Turn   | Place    | Note
-------+----------+-------------------------------------------
     0 | D:1      | Delamore the Formicid Fighter began the quest for the Orb.
     0 | D:1      | Reached XP level 1. HP: 18/18 MP: 1/1
   198 | D:1      | Reached XP level 2. HP: 22/24 MP: 2/2
   628 | D:2      | Found a faded altar of an unknown god.
   645 | D:2      | Became a worshipper of Zin the Law-Giver
   645 | D:2      | Reached * piety under Zin
   822 | D:2      | Reached XP level 3. HP: 22/30 MP: 3/3
  1117 | D:2      | Found a sparkling altar of Nemelex Xobeh.
  1259 | D:2      | Reached XP level 4. HP: 37/37 MP: 4/4
  1596 | D:3      | Found Iduseelu's Antique Armour Boutique.
  2179 | D:3      | Reached XP level 5. HP: 31/43 MP: 5/5
  2280 | D:2      | Killed from afar by an orc priest

Illustrated notes

Levels and vault maps discovered:
D:1:      matt_arrival_diagonals, layout_basic
D:2:      layout_loops_cross, basic_altar,
          hellmonk_ecumenical_altar_inner_sanctum
D:3:      layout_rooms, serial_shops, shop, nrook_mini_vaults, uniq_purgy

Skill      XL: |  1  2  3  4 |
---------------+-------------+-----
Polearms       | 3 4 |  4.2
Fighting       | 4 |  4.3
Armour         | |  3.2
Shields        | |  3.6

Action                   |  1- 3 |  4- 6 || total
-------------------------+-------+-------++-------
Melee: Trident           |    89 |    42 ||   131
 Abil: Dig               |     2 |       ||     2
  Use: Scroll            |     7 |       ||     7
Armor: Scale mail        |    41 |    37 ||    78
Dodge: Dodged            |    26 |    29 ||    55
Block: Kite shield       |    30 |    45 ||    75

Table legend: (Time is in decaauts)
 A = Elapsed time spent in this place.
 B = Non-inter-level travel time spent in this place.
 C = Inter-level travel time spent in this place.
 D = Time resting spent in this place.
 E = Time spent auto-exploring this place.
 F = Levels seen in this place.
 G = Mean time per level.
                   A        B        C        D        E       F      G
               +--------+--------+--------+--------+--------+-----+--------+
         Total |   2332 |   2252 |     80 |    602 |   1306 |   3 |  777.3 |
       Dungeon |   2332 |   2252 |     80 |    602 |   1306 |   3 |  777.3 |
               +--------+--------+--------+--------+--------+-----+--------+

Top non-repeatable levels by time:
     D:2: 1675 daAuts
     D:1: 603 daAuts
     D:3: 53 daAuts
